Description

mk

Replay - lIIllllIIlll v Serral: Game 2 - Triton LE

Build Order

Get SALT Encoding   

  12  0:00  Drone  
  13  0:12  Overlord  
  13  0:17  Drone  
  14  0:30  Drone x2  
  16  0:48  Hatchery  
  15  0:51  Drone x2  
  17  0:57  Drone  
  18  1:08  Extractor  
  17  1:13  Spawning Pool  
  17  1:15  Drone x2  
  18  1:27  Drone  
  20  1:50  Overlord  
  20  1:59  Queen x2  
  20  2:00  Zergling x4  
  26  2:12  Metabolic Boost  
  30  2:33  Overlord  
  30  2:35  Queen  
  30  2:36  Spore Crawler  
  37  3:05  Pneumatized Carapace  
  37  3:07  Overlord  
  39  3:13  Extractor  
  43  3:27  Queen  
  43  3:29  Hatchery  
  44  3:35  Zergling x2  
  44  3:40  Overlord  
  50  3:53  Extractor  
  53  4:04  Queen  
  55  4:11  Zergling x4  
  59  4:19  Evolution Chamber x2  
  63  4:41  Queen  
  63  4:42  Zergling x2  
  66  4:48  Zerg Ground Armor Level 1, Zerg Melee Weapons Level 1  
  66  4:52  Lair  
  70  4:56  Zergling x2  
  70  4:59  Baneling Nest  
  75  5:09  Extractor x2  
  77  5:26  Extractor  
  82  5:35  Hatchery, Zergling x6  
  85  5:46  Hatchery  
  89  5:51  Centrifical Hooks  
  89  5:52  Overseer  
  89  6:01  Hydralisk Den  
  95  6:16  Baneling x8  
  104  6:32  Spore Crawler  
  108  6:52  Spawning Pool  
  106  6:55  Muscular Augments  
  103  7:02  Hydralisk x6  
  103  7:08  Hydralisk x3  
  117  7:20  Baneling x2  
  126  7:38  Zerg Ground Armor Level 2  
  126  7:43  Queen  
  128  7:45  Zerg Melee Weapons Level 2  
  136  7:51  Hatchery  
  141  8:06  Grooved Spines  
  136  8:27  Queen  
  136  8:29  Extractor, Infestation Pit  
  136  8:38  Overseer  
  171  9:28  Hatchery  
  171  9:30  Hive  
Spawning Tool Build Advisor. Get it on Overwolf

Go to:

Details

  • Created by: lilbamboo
  • Published on: Dec 16, 2019
  • Modified on: Dec 16, 2019
  • Patch: 4.11.0
Show
View Real Time Build Order
Export as new Build Order

Comments (0)

There are no comments. Be the first!

Create an account to comment!